Map: Catalyst LE

Players

BootyJorts - Winner!

  • Race: Zerg Zerg
  • League: Diamond
  • Spawn Location: 5:00

Cprice

  • Race: Terran Terran
  • League: Diamond
  • Spawn Location: 11:00

VOD

Have the link to the VOD?

Description

Time

  • Played on: May 13, 2018, 7:57 p.m.
  • Length: 19:10
Show
View Real Time Build Order
Export as new Build Order

BootyJorts Zerg - Winner!

Build Orders: Hatch First, Muta Ling Bane 

Get SALT Encoding   

  12  0:03  Drone  
  13  0:12  Overlord  
  13  0:18  Drone  
  14  0:30  Drone x2  
  17  0:35  Drone  
  17  0:54  Hatchery  
  17  0:57  Drone  
  17  1:02  Drone, Extractor  
  17  1:17  Spawning Pool  
  16  1:20  Drone  
  17  1:26  Drone  
  17  1:29  Drone  
  19  1:40  Overlord  
  19  1:50  Drone  
  20  2:04  Lair  
  20  2:06  Queen  
  20  2:07  Zergling x2  
  20  2:08  Zergling x2  
  24  2:11  Extractor  
  24  2:13  Drone  
  24  2:17  Drone  
  25  2:23  Drone  
  25  2:28  Zergling x2  
  25  3:01  Drone x3  
  25  3:02  Drone x3  
  25  3:05  Spire  
  30  3:21  Overlord  
  30  3:26  Extractor  
  29  3:27  Drone, Extractor  
  29  3:28  Drone x4  
  29  3:31  Queen  
  35  3:44  Drone x2  
  35  3:46  Drone  
  38  3:53  Drone x4  
  42  3:55  Overlord  
  42  4:02  Overlord  
  42  4:17  Zergling x4  
  44  4:21  Mutalisk  
  44  4:22  Mutalisk  
  48  4:27  Mutalisk x2  
  52  4:31  Overlord  
  52  4:35  Spore Crawler  
  52  4:37  Spore Crawler  
  50  4:39  Mutalisk  
  54  4:53  Mutalisk x3  
  54  4:56  Overlord  
  54  4:57  Overlord  
  60  5:09  Metabolic Boost  
  60  5:14  Baneling Nest  
  60  5:15  Mutalisk  
  60  5:16  Mutalisk  
  60  5:21  Drone x2  
  65  5:48  Mutalisk x4  
  73  6:02  Zergling x2  
  73  6:03  Zergling x4  
  65  6:18  Drone  
  65  6:19  Drone x4  
  66  6:28  Overseer x2  
  63  6:33  Drone  
  63  6:36  Drone x5  
  63  6:37  Pneumatized Carapace  
  63  6:38  Queen  
  65  6:52  Drone x2  
  67  7:07  Hatchery  
  66  7:09  Centrifical Hooks  
  66  7:13  Zergling x2  
  66  7:14  Zergling x6  
  68  7:45  Drone x2  
  68  7:46  Drone x3  
  68  7:50  Baneling  
  68  7:51  Baneling x13  
  73  7:53  Queen, Zergling x2  
  76  7:59  Overlord x2  
  76  8:06  Infestation Pit  
  75  8:14  Queen  
  75  8:21  Drone, Evolution Chamber  
  75  8:22  Drone x6  
  75  8:26  Evolution Chamber  
  80  8:29  Queen  
  82  8:46  Overseer  
  82  9:11  Pathogen Glands  
  82  9:13  Overlord x3  
  81  9:28  Spore Crawler  
  80  9:32  Spore Crawler  
  80  9:38  Zergling x28  
  79  9:39  Zergling x2  
  79  9:44  Drone x3  
  79  9:45  Drone x3  
  93  9:55  Zerg Melee Weapons Level 1, Zerg Ground Armor Level 1  
  93  9:58  Baneling  
  93  9:59  Baneling x9  
  93  10:06  Drone  
  93  10:07  Drone x2  
  96  10:10  Mutalisk  
  98  10:18  Drone  
  98  10:19  Drone x2  
  101  10:49  Hive  
  101  10:52  Drone x8  
  101  10:53  Drone x6  
  101  10:55  Extractor  
  101  10:56  Extractor  
  113  10:59  Infestor  
  113  11:02  Infestor  
  117  11:08  Burrow  
  117  11:23  Overlord x3  
  117  11:31  Extractor  
  117  11:32  Hatchery  
  115  11:35  Extractor  
  92  11:42  Zergling x4  
  92  11:43  Zergling x22  
  102  11:52  Zergling x6  
  81  12:20  Infestor x8  
  97  12:23  Zergling x2  
  97  12:24  Zergling x4  
  97  12:25  Queen  
  102  12:37  Baneling  
  102  12:38  Baneling x5  
  102  12:51  Zergling x12  
  105  13:08  Drone  
  105  13:09  Drone x9  
  115  13:15  Drone x4  
  115  13:17  Drone  
  120  13:21  Zerg Ground Armor Level 2, Zerg Melee Weapons Level 2  
  120  13:22  Ultralisk Cavern  
  119  13:31  Drone  
  119  13:32  Drone x2  
  119  13:34  Drone x3, Queen  
  127  13:51  Zergling x2  
  127  13:52  Zergling x22  
  127  13:55  Drone x3  
  142  13:58  Adrenal Glands  
  142  14:05  Zergling x4  
  144  14:10  Overlord x4  
  144  14:25  Overlord x4  
  144  14:28  Queen x2  
  148  14:37  Chitinous Plating  
  148  15:14  Ultralisk  
  148  15:15  Ultralisk x3  
  148  15:17  Extractor  
  148  15:18  Hatchery  
  148  15:20  Drone x4  
  148  15:21  Drone x5, Extractor  
  178  15:44  Spine Crawler x2  
  178  15:47  Spine Crawler  
  178  15:48  Spine Crawler  
  178  15:49  Spore Crawler  
  173  15:50  Spine Crawler  
  173  15:51  Spore Crawler  
  173  15:52  Spine Crawler  
  173  15:55  Spine Crawler x2  
  168  16:03  Baneling x8  
  168  16:06  Zergling x8  
  168  16:07  Zergling x10  
  177  16:13  Zerg Melee Weapons Level 3  
  139  17:03  Ultralisk  
  139  17:04  Ultralisk x5  
  153  17:22  Ultralisk x3  
  171  17:32  Drone x5  
  176  17:38  Ultralisk  
  158  18:15  Zergling x18  
  158  18:16  Zergling x44  
Show
View Real Time Build Order
Export as new Build Order

Cprice Terran 

Build Orders: Reaper Expand, Hellion Banshee, MMM Bio 

Get SALT Encoding   

  12  0:01  SCV  
  13  0:14  SCV  
  14  0:17  Supply Depot  
  14  0:26  SCV  
  15  0:40  Barracks  
  15  0:42  SCV  
  16  0:49  Refinery  
  16  0:54  SCV  
  17  1:06  SCV  
  18  1:18  SCV  
  19  1:30  Orbital Command  
  19  1:33  Reaper  
  20  1:42  Command Center  
  20  1:57  Refinery  
  20  1:58  SCV  
  20  1:59  Supply Depot  
  21  2:12  SCV  
  21  2:13  Factory  
  22  2:24  SCV  
  23  2:32  Barracks Reactor  
  23  2:37  SCV  
  24  2:59  Starport  
  24  3:05  Orbital Command  
  24  3:07  SCV  
  24  3:10  Engineering Bay  
  25  3:17  Hellion x2  
  25  3:19  Marine, SCV  
  31  3:31  SCV  
  32  3:41  Marine, Hellion  
  33  3:42  Hellion  
  39  3:51  Starport Tech Lab  
  39  3:53  SCV x2  
  39  3:56  Barracks  
  39  4:03  Barracks Tech Lab  
  39  4:05  Hellion x2, SCV x2  
  45  4:17  SCV  
  45  4:18  Supply Depot  
  45  4:19  Cloaking Field  
  46  4:24  Stimpack  
  46  4:40  Marine, Banshee, Hellion x2  
  54  4:46  Barracks, Barracks Tech Lab  
  54  4:56  Supply Depot  
  54  5:00  SCV x2  
  54  5:01  Marine, Supply Depot  
  54  5:06  Combat Shields  
  57  5:07  Marine  
  57  5:10  Factory Tech Lab  
  57  5:13  SCV x2  
  60  5:21  Terran Infantry Weapons Level 1  
  60  5:22  Supply Depot  
  60  5:24  Banshee  
  60  5:25  SCV x2  
  65  5:30  Missile Turret  
  65  5:34  Marine x2  
  61  5:37  Marine  
  61  5:40  Missile Turret  
  58  5:44  Missile Turret  
  48  5:52  Marine  
  48  5:54  SCV x2  
  48  5:55  Marine x2  
  35  6:26  Marine x3  
  35  6:28  Widow Mine  
  40  6:33  Widow Mine  
  42  6:44  Marine x2  
  42  6:46  Viking  
  46  6:48  Marine  
  43  7:14  Marine x2  
  45  7:18  Widow Mine x2  
  46  7:22  Marine  
  47  7:35  Unknown x2  
  44  7:48  Marine x2  
  44  7:51  Marine, Banshee  
  50  7:58  Command Center  
  50  8:02  Widow Mine  
  50  8:04  Widow Mine  
  50  8:05  SCV  
  55  8:47  Supply Depot x2  
  55  8:50  Starport Reactor  
  55  8:51  Supply Depot  
  55  9:08  Marine x2, Barracks Reactor, SCV  
  55  9:09  Widow Mine x2  
  62  9:13  Armory  
  62  9:22  SCV  
  62  9:23  Orbital Command  
  63  9:26  Marine  
  64  9:36  Widow Mine x2  
  64  9:37  Marauder  
  70  9:44  Marauder  
  69  9:45  Marine  
  69  9:46  Marine  
  71  10:04  Marine x2  
  71  10:05  Marine, Medivac x2  
  78  10:08  SCV  
  78  10:09  SCV  
  80  10:17  Supply Depot  
  80  10:21  Marine, SCV  
  81  10:22  Marine  
  81  10:25  Marine x2  
  85  10:29  SCV  
  86  10:40  Unknown x3  
  86  10:41  Unknown  
  86  10:49  Marine x4  
  90  10:50  Medivac  
  90  10:51  Medivac  
  90  10:52  SCV x2  
  96  10:57  Supply Depot  
  96  10:58  Terran Infantry Armor Level 1  
  96  11:07  Marine x2  
  98  11:20  Marine x2  
  98  11:21  Widow Mine x2, SCV x2  
  98  11:24  Marine  
  107  11:30  Marine  
  108  11:38  Marine x2  
  108  11:39  Unknown x2  
  89  11:47  Marine  
  89  11:48  Widow Mine x2, Marine, Medivac x2  
  68  12:25  Marine x4  
  68  12:29  Concussive Shells  
  72  12:30  Barracks  
  72  12:32  Refinery, Barracks  
  72  12:34  Refinery, SCV x2  
  72  12:35  Command Center  
  74  12:40  Medivac x2  
  74  12:42  Marine  
  79  12:46  Barracks, Supply Depot, SCV x2  
  81  12:59  SCV x2  
  81  13:02  Terran Infantry Weapons Level 2  
  79  13:09  Marine x2  
  79  13:10  Marauder, Marine  
  84  13:22  Barracks Reactor x2  
  84  13:30  Marine x4  
  88  13:38  Command Center  
  88  13:44  Medivac x2  
  88  13:45  SCV x2  
  94  13:48  Supply Depot  
  94  13:54  Orbital Command  
  94  14:00  Bunker  
  94  14:08  Marine  
  94  14:09  Marine x5  
  99  14:18  Factory  
  99  14:28  Marine x5  
  99  14:29  Marauder, Marine x2  
  108  14:34  SCV x3  
  111  14:41  Barracks Tech Lab  
  111  14:50  Unknown  
  111  14:51  Unknown x10  
  111  15:06  Marine x6  
  111  15:07  Marine x3  
  117  15:08  Siege Tank  
  117  15:09  Medivac x2  
  117  15:14  Refinery x2  
  127  15:20  Siege Tank  
  130  15:23  Supply Depot  
  130  15:24  Marine x8  
  130  15:25  Marine, Supply Depot  
  130  15:26  SCV x2  
  130  15:27  SCV  
  142  15:38  SCV  
  142  15:42  Siege Tank  
  146  15:46  Planetary Fortress  
  146  15:49  SCV x2  
  148  15:50  SCV  
  156  16:01  SCV  
  156  16:02  Marauder  
  156  16:03  Marauder x2  
  155  16:13  Barracks Tech Lab  
  155  16:15  Missile Turret  
  155  16:18  Siege Tank x2  
  161  16:24  Marauder x3  
  167  16:31  Marine x4  
  169  16:45  Marine  
  160  16:58  Marine  
  160  16:59  Marauder x3, Marine  
  160  17:00  Thor x2  
  154  17:03  Marauder  
  133  17:20  Marine x4  
  133  17:21  Marauder x3  
  132  17:24  Marauder  
  130  17:37  Marine x2  
  130  17:38  Command Center, Marine x2  
  130  17:42  Marauder, Marine x2  
  138  17:45  Marine  
  138  17:47  Missile Turret  
  138  17:50  Missile Turret  
  139  17:53  Siege Tank  
  139  17:55  Marine x2  
  139  17:56  Missile Turret  
  141  18:00  Refinery, Missile Turret  
  141  18:01  Missile Turret  
  141  18:05  Refinery  
  110  18:18  Marauder x3, Marine x5  
  85  18:35  Marine  
  85  18:36  Marine  
Tags
 
Add a new tag
Caveats
  • Supply blocks, unpowered buildings, or Contaminate may cause inaccurate times.
  • Supply counts are checked every 10 seconds.